 Dungeon Crawl Stone Soup version 0.21.1-1-g345015f (webtiles) character file.

135 empire the Covered (level 4, -2/41 HPs)
             Began as a Minotaur Fighter on June 6, 2018.
             Killed by divine providence
             ... invoked by an orc priest
              (13 damage)
             ... on level 3 of the Dungeon.
             The game lasted 00:03:14 (1968 turns).

empire the Covered (Minotaur Fighter)               Turns: 1968, Time: 00:03:15

Health: -2/41      AC:  8    Str: 21    XL:     4   Next: 96%
Magic:  3/3        EV:  8    Int:  5    God:
Gold:   174        SH:  9    Dex: 10    Spells: 3/3 levels left

rFire    . . .     SeeInvis .   a - +0 long sword
rCold    . . .     Gourm    .   c - +0 shield
rNeg     . . .     Faith    .   b - +0 scale mail
rPois    .         Spirit   .   k - +1 hat
rElec    .         Reflect  .   (no cloak)
rCorr    .         Harm     .   (no gloves)
MR       .....                  (no boots)
Stlth    ..........             (no amulet)
HPRegen  0.13/turn              (no ring)
MPRegen  0.08/turn              (no ring)

@: no status effects
A: retaliatory headbutt, horns 2
a: no special abilities


You were on level 3 of the Dungeon.
You were hungry.

You visited 1 branch of the dungeon, and saw 3 of its levels.

You collected 174 gold pieces.

Inventory:

Hand Weapons
 a - a +0 long sword (weapon)
 n - a cursed -3 spear
Armour
 b - a +0 scale mail (worn)
 c - a +0 shield (worn)
 k - a +1 hat (worn)
 r - a +1 ring mail of cold resistance
Scrolls
 g - 2 scrolls of remove curse {unknown}
 j - a scroll of magic mapping {unknown}
 o - a scroll of enchant armour {unknown}
 q - a scroll of noise {unknown}
Potions
 d - a potion of might
 e - 3 potions of curing
 h - 2 potions of magic {unknown}
 i - 2 potions of brilliance {unknown}
 l - a potion of haste {unknown}
 m - 2 potions of degeneration {unknown}
Comestibles
 f - 3 rations
 p - 17 chunks of flesh


   Skills:
 + Level 4.5 Fighting
 + Level 4.3 Long Blades
 + Level 4.5 Armour
 + Level 1.1 Dodging
 - Level 4.0 Shields


You had 3 spell levels left.
You didn't know any spells.

Dungeon Overview and Level Annotations

Branches:
Dungeon (3/15)

Altars:
The Shining One


Innate Abilities, Weirdness & Mutations

You reflexively headbutt those who attack you in melee.
You have a pair of horns on your head.


Message History

The orc wizard points at you and mumbles some strange words.
The puff of flame hits you!
The orc priest hits you but does no damage.
You hit the orc priest.
The orc priest is almost dead.
The orc barely misses you.
The orc wizard hits you but does no damage.
The orc priest looks braver for a moment.
You barely miss the orc priest. Your headbutt misses the orc priest.
The orc priest is almost dead.
The orc priest closely misses you. You furiously retaliate!
You headbutt the orc priest! The orc hits you but does no damage.
The orc wizard closely misses you.
The orc priest invokes the aid of Beogh against you.
Beogh smites you!
* * * LOW HITPOINT WARNING * * *
It was a potion of curing.
You feel better.
The orc priest calls down the wrath of Beogh upon you.
Beogh smites you!
You die...

........##<#.###.
#######....#.# .#
##...#.##..##
##..........
##........###
######..#.##...#
.......##.##.#....
###.....o....#####
....####@##....#
###....ooo.......
.!...........####
...)####.##### ###
#.# #.# #.. #..
#..#


You could see 2 orc priests, an orc wizard and an orc.

Vanquished Creatures
  A centaur skeleton (D:2)
  An orc wizard (D:3)
  2 adders (D:2)
  A worm (D:2)
  4 leopard geckos
  4 orcs (D:3)
  A ball python (D:1)
  2 giant cockroaches
  2 goblins
  6 hobgoblins
  4 jackals (D:3)
  10 kobolds
  3 quokkas
  6 bats
  A frilled lizard (D:2)
  3 rats
51 creatures vanquished.

Notes
Turn   | Place    | Note
-------+----------+-------------------------------------------
     0 | D:1      | empire the Minotaur Fighter began the quest for the Orb.
     0 | D:1      | Reached XP level 1. HP: 19/19 MP: 0/0
   171 | D:1      | Reached XP level 2. HP: 27/27 MP: 1/1
   276 | D:1      | Found a glowing golden altar of the Shining One.
  1002 | D:2      | Reached XP level 3. HP: 14/33 MP: 2/2
  1132 | D:2      | Reached XP level 4. HP: 19/40 MP: 3/3
  1909 | D:3      | Reached skill level 1 in Dodging
  1967 | D:3      | HP: 1/41 [orc priest/divine providence (14)]
  1968 | D:3      | Killed from afar by an orc priest

Skill      XL: |  1  2  3  4 |
---------------+-------------+-----
Shields        | 4 |  4.0
Fighting       | 4 |  4.5
Long Blades    | 3 4 |  4.3
Armour         | 4 |  4.5
Dodging        | 1 |  1.1

Action                   |  1- 3 |  4- 6 || total
-------------------------+-------+-------++-------
Melee: Long sword        |    58 |    75 ||   133
       Headbutt          |     6 |    10 ||    16
  Use: Potion            |       |     1 ||     1
  Eat: Chunk             |     1 |     2 ||     3
Armor: Scale mail        |    32 |    34 ||    66
Dodge: Dodged            |    25 |    31 ||    56
Block: Shield            |    42 |    39 ||    81
       Rpst.: Long sword |     7 |     8 ||    15
